 Dungeon Crawl Stone Soup version 0.23.2-1-ga50397a (webtiles) character file.

Game seed: 14969116383571008660

4921 myga the Slinger (level 10, 0/84 HPs)
             Began as a Minotaur Hunter on May 18, 2019.
             Was a Follower of Trog.
             Slain by Erolcha
             ... wielding a +0 giant spiked club
              (16 damage)
             ... on level 9 of the Dungeon.
             The game lasted 00:35:18 (8523 turns).

myga the Slinger (Minotaur Hunter)                  Turns: 8523, Time: 00:35:19

Health: 0/84       AC: 15    Str: 18    XL:     10   Next: 27%
Magic:  3/3        EV: 10    Int:  8    God:    Trog [*.....]
Gold:   375        SH:  9    Dex: 16    Spells: 9/9 levels left

rFire    . . .     SeeInvis .   L - +2 morningstar (antimagic)
rCold    . . .     Gourm    .   G - +0 shield
rNeg     . . .     Faith    +   p - +0 plate armour
rPois    .         Spirit   .   (helmet restricted)
rElec    .         Reflect  .   l - scarf {repulsion}
rCorr    .         Harm     .   x - +0 pair of gloves
MR       .....                  v - +0 pair of boots
Stlth    ..........             I - amulet of faith
HPRegen  0.24/turn              (no ring)
MPRegen  0.08/turn              (no ring)

@: agile, berserk cooldown, slowed, repel missiles, very slow
A: retaliatory headbutt, horns 2, talons 1, clumsy 1
a: Berserk, Renounce Religion


You were on level 9 of the Dungeon.
You worshipped Trog.
Trog was aware of your devotion.
You were hungry.

You visited 1 branch of the dungeon, and saw 9 of its levels.

You collected 375 gold pieces.

Inventory:

Hand Weapons
 a - a +2 hunting sling
 L - a +2 antimagic morningstar (weapon)
Missiles
 d - 17 sling bullets
 g - 146 stones (quivered)
 z - 2 tomahawks
Armour
 l - a scarf of repulsion (worn)
 p - a +0 plate armour (worn)
 v - a +0 pair of boots (worn)
 x - a +0 pair of gloves (worn)
 G - a +0 shield (worn)
Jewellery
 h - an uncursed ring of ice
 C - an uncursed amulet of harm
 I - an amulet of faith (around neck)
Wands
 k - a wand of iceblast (7)
 A - a wand of scattershot (5)
 D - a wand of enslavement (8)
 K - a wand of acid (7)
Scrolls
 c - a scroll of fog
 e - a scroll of magic mapping {unknown}
 i - a scroll of enchant weapon
 j - 2 scrolls of immolation {unknown}
 n - a scroll of enchant armour {unknown}
 o - 8 scrolls of remove curse
 t - a scroll of fear {unknown}
 B - a scroll of amnesia {unknown}
 H - a scroll of blinking {unknown}
Potions
 b - a potion of agility
 q - 2 potions of resistance
 r - 2 potions of brilliance
 s - 3 potions of curing
 u - 2 potions of mutation
 w - a potion of ambrosia
 E - a potion of heal wounds {unknown}
 F - a potion of flight {unknown}
Comestibles
 f - 25 rations


   Skills:
 + Level 6.9 Fighting
 + Level 9.4 Maces & Flails
 + Level 10.2(10.4) Slings
 + Level 3.2(6.8) Throwing
 + Level 7.1 Armour
 + Level 2.7 Dodging
 + Level 1.4 Stealth
 + Level 3.9 Shields
 + Level 0.3 Evocations


You had 9 spell levels left.
You didn't know any spells.
Your spell library was empty.

Dungeon Overview and Level Annotations

Branches:
Dungeon (9/15)             Temple (0/1) D:7
   Lair: D:8-11         Orc: D:9-12

Altars:
Cheibriados
Elyvilon
Trog
Yredelemnul

Shops:
D:7 }   D:9 [

Annotations:
D:7 Prince Ribbit
D:9 Erolcha


Innate Abilities, Weirdness & Mutations

You reflexively headbutt those who attack you in melee.
You have a pair of horns on your head.
You have sharp toenails.
You are clumsy. (Dex -2)


Message History

You are exhausted.
You feel yourself slow down.
You hear some strange, mumbled words.
Something tries to affect you, but you resist.
You feel agile all of a sudden.
The phantom hits you but does no damage.
A wight comes into view. It is wielding a +3 great sword.
Something hits you! You block the phantom's attack.
Your unstable footing causes you to fumble your attack.
You block the phantom's attack. Something hits you!
You puncture the phantom!
The phantom's magic leaks into the air.
The phantom is moderately damaged.
The phantom hits you. Something hits you.
The phantom hits you but does no damage.
Your unstable footing causes you to fumble your attack.
Something hits you!
* * * LOW HITPOINT WARNING * * *
The phantom blinks!
You block the wight's attack. Something hits you!
You die...

.................#
#..........(..###
#.................
.....#.......#........
... #z#.....#........
. #z#∩.............
#z####........... #{#
#........... #@#
#.......... #z#
#.......


Zz. ##.#. ..#.. ### .. ... .## You could see 5 wights and an adder zombie.

Vanquished Creatures
  A two-headed ogre (D:8)
  2 centaur skeletons (D:8)
  Sigmund (D:2)
  Eustachio (D:5)
  A human (D:7)
  A yak (D:7)
  3 hogs (D:7)
  Menkaure (D:5)
  2 phantoms (D:4)
  A black bear (D:8)
  A sky beast (D:9)
  An orc warrior (D:2)
  An ice beast (D:5)
  A centaur (D:8)
  5 ogres
  A bullfrog (D:8)
  A scorpion (D:9)
  A wyvern skeleton (D:6)
  5 killer bees (D:8)
  A wight (D:9)
  A howler monkey (D:9)
  A bullfrog zombie (D:6)
  2 crimson imps
  3 hounds
  3 orc priests
  A jelly (D:6)
  A bullfrog skeleton (D:4)
  Crazy Yiuf (D:5)
  5 orc wizards
  Jessica (D:2)
  5 iguanas
  8 worker ants
  A hound skeleton (D:7)
  A worker ant zombie (D:5)
  3 gnolls (D:6)
  11 adders
  3 oozes
  An adder skeleton (D:3)
  3 worms
  5 dart slugs
  6 leopard geckos
  27 orcs
  9 giant cockroaches
  7 goblins
  5 hobgoblins
  7 jackals
  9 kobolds
  2 quokkas
  2 ball pythons
  10 bats
  4 frilled lizards
  A jackal zombie (D:5)
  A quokka zombie (D:5)
  9 rats
191 creatures vanquished.

Vanquished Creatures (others)
  A wizard (D:6)
1 creature vanquished.

Grand Total: 192 creatures vanquished

Notes
Turn   | Place    | Note
-------+----------+-------------------------------------------
     0 | D:1      | myga the Minotaur Hunter began the quest for the Orb.
     0 | D:1      | Reached XP level 1. HP: 18/18 MP: 0/0
    64 | D:1      | Reached XP level 2. HP: 23/25 MP: 1/1
   163 | D:1      | Reached skill level 5 in Slings
   364 | D:1      | Reached XP level 3. HP: 30/30 MP: 2/2
   688 | D:2      | Noticed an orc warrior
   701 | D:2      | Killed an orc warrior
   701 | D:2      | Reached skill level 1 in Maces & Flails
   701 | D:2      | Reached skill level 1 in Armour
   701 | D:2      | Reached skill level 1 in Stealth
   701 | D:2      | Reached XP level 4. HP: 13/38 MP: 3/3
   921 | D:2      | Reached skill level 6 in Slings
   921 | D:2      | Reached XP level 5. HP: 45/45 MP: 4/4
  1098 | D:2      | Noticed Jessica
  1104 | D:2      | Killed Jessica
  1184 | D:2      | Noticed Sigmund
  1216 | D:2      | HP: 2/45 [something (4)]
  1218 | D:2      | Killed Sigmund
  1218 | D:2      | Reached skill level 7 in Slings
  1218 | D:2      | Reached XP level 6. HP: 2/52 MP: 5/5
  2106 | D:3      | You fall through a shaft for 3 floors!
  2171 | D:5      | Entered Level 5 of the Dungeon
  2462 | D:3      | Reached XP level 7. HP: 5/59 MP: 6/6
  2825 | D:3      | Found a faded altar of an unknown god.
  3107 | D:4      | Reached skill level 8 in Slings
  3411 | D:4      | Reached skill level 9 in Slings
  3655 | D:4      | Reached XP level 8. HP: 59/67 MP: 7/7
  4193 | D:4      | Reached skill level 1 in Throwing
  4416 | D:5      | Reached skill level 5 in Fighting
  4517 | D:5      | Noticed Menkaure
  4523 | D:5      | Killed Menkaure
  4748 | D:5      | Found a runed translucent door.
  4749 | D:5      | Noticed Crazy Yiuf
  5027 | D:5      | Noticed Eustachio
  5042 | D:5      | Killed Eustachio
  5042 | D:5      | Reached skill level 5 in Maces & Flails
  5042 | D:5      | Reached skill level 5 in Armour
  5383 | D:5      | Killed Crazy Yiuf
  5430 | D:6      | Reached skill level 1 in Shields
  5527 | D:6      | Reached skill level 10 in Slings
  5708 | D:6      | Reached XP level 9. HP: 62/75 MP: 8/8
  6127 | D:6      | Found a bloodstained altar of Trog.
  6128 | D:6      | Noticed a wizard
  6134 | D:6      | Killed a wizard
  6212 | D:6      | Became a worshipper of Trog the Wrathful
  6288 | D:6      | Gained mutation: You are clumsy. (Dex -2) [potion of
                  | mutation]
  6288 | D:6      | Gained mutation: You have sharp toenails. [potion of
                  | mutation]
  6288 | D:6      | Gained mutation: You are very clumsy. (Dex -4) [potion of
                  | mutation]
  6288 | D:6      | Lost mutation: You are very clumsy. (Dex -4) [potion of
                  | mutation]
  6310 | D:7      | Found a basalt altar of Yredelemnul.
  6575 | D:7      | Found Vamepro's Gadget Emporium.
  6591 | D:7      | Found a staircase to the Ecumenical Temple.
  7333 | D:7      | Noticed Prince Ribbit
  7578 | D:8      | Reached * piety under Trog
  7651 | D:8      | Found a white marble altar of Elyvilon.
  7728 | D:8      | Noticed a two-headed ogre
  7737 | D:8      | Killed a two-headed ogre
  7737 | D:8      | Reached XP level 10. HP: 66/84 MP: 3/9
  8075 | D:8      | Found a snail-covered altar of Cheibriados.
  8084 | D:8      | Found a basalt altar of Yredelemnul.
  8479 | D:9      | Found Koinean's Armour Emporium.
  8479 | D:9      | Noticed Erolcha
  8523 | D:9      | Slain by Erolcha

Skill      XL: |  1  2  3  4  5  6  7  8  9 10 |
---------------+-------------------------------+-----
Slings         | 5 6 7 9 10 | 10.2
Fighting       | 3 4 5 6 |  6.9
Maces & Flails | 1 2 5 8 9 |  9.4
Armour         | 1 2 3 5 6 7 |  7.1
Stealth        | 1 |  1.4
Throwing       | 1 2 3 |  3.2
Shields        | 1 3 |  3.9
Dodging        | |  2.7
Evocations     | |  0.3

Action                   |  1- 3 |  4- 6 |  7- 9 | 10-12 || total
-------------------------+-------+-------+-------+-------++-------
Melee: Mace              |    22 |    47 |       |       ||    69
       Headbutt          |     3 |    10 |    48 |    11 ||    72
       Flail             |       |       |    27 |       ||    27
       Morningstar       |       |       |   210 |    67 ||   277
 Fire: Hunting sling     |    38 |   121 |   168 |    10 ||   337
Throw: Stone             |    12 |     8 |    76 |    30 ||   126
       Tomahawk          |       |       |     9 |       ||     9
Invok: Berserk           |       |       |       |     1 ||     1
Evoke: Wand              |       |       |     2 |       ||     2
  Use: Potion            |       |     3 |     4 |     1 ||     8
       Scroll            |       |     3 |     4 |     2 ||     9
 Stab: Sleeping          |     1 |       |       |       ||     1
  Eat: Chunk             |       |     5 |    16 |     3 ||    24
Armor: Leather armour    |    15 |       |       |       ||    15
       Plate armour      |       |    60 |   166 |    58 ||   284
Dodge: Dodged            |    26 |    31 |    47 |    11 ||   115
       Deflected         |       |       |     4 |     1 ||     5
Block: Shield            |       |       |    83 |    32 ||   115
